cohdb
Replays
Latest Replays
All Replays
Popular Replays
Top Player Replays
Match Explorer
How It Works
Community
CoH3 Stats
Reddit
Sign in to upload your games and track your stats! →
Sign in with Steam
Match 44752131
Unlisted
Match 44752131
Overview
Messages
Build Orders
End
Construct Section Command Post
Vickers Machine Gun Team
Selects Heavy Armor Battlegroup
Infantry Section
Vickers Machine Gun Team
Construct Field Infirmary
Grenade Package
Infantry Section
ML 3-inch Mortar Team
Construct Platoon Command Post
Selects Rigorous Vehicle Training
Selects Forward Repair Assembly
Selects UNKNOWN (2162094)
Selects Light Vehicle Withdraw and Refit
Unlock Bishop Self-propelled Artillery
Unlock M3 Stuart Light Tanks
6-pounder Anti-tank Gun Team
M3 Stuart Light Tank
Selects UNKNOWN (202330)
Selects Designate Targets
Royal Engineer Section
M3 Stuart Light Tank
M3 Stuart Light Tank
Infantry Section
游戏玩家
zhaoboss
XuZhongwei
上海交大周杰伦
0
0
Comments
sign in to comment!
No comments posted yet!